 Dungeon Crawl Stone Soup version 0.22.1-1-ga44c0e5 (webtiles) character file.

2220 empire the Carver (level 9, -1/78 HPs)
             Began as a Minotaur Fighter on Nov 5, 2018.
             Was a Believer of Cheibriados.
             Slain by an orc warrior
             ... wielding a +0 glaive
              (10 damage)
             ... on level 7 of the Dungeon.
             The game lasted 00:15:32 (6294 turns).

empire the Carver (Minotaur Fighter)                Turns: 6294, Time: 00:15:32

Health: -1/78      AC: 12    Str: 29    XL:     9   Next: 13%
Magic:  8/8        EV:  9    Int: 11    God:    Cheibriados [**....]
Gold:   492        SH: 12    Dex: 17    Spells: 8/8 levels left

rFire    . . .     SeeInvis .   a - +0 long sword
rCold    + . .     Gourm    .   c - +0 shield
rNeg     . . .     Faith    .   p - +0 chain mail
rPois    .         Spirit   .   (helmet restricted)
rElec    .         Reflect  .   y - +1 cloak
rCorr    .         Harm     .   (no gloves)
MR       .....                  (no boots)
Stlth    ..........             i - amulet of rage
HPRegen  0.23/turn              (no ring)
MPRegen  0.11/turn              s - ring of protection from cold

@: drained, very slow
A: retaliatory headbutt, horns 2
a: Bend Time, Renounce Religion, Evoke Berserk Rage


You were on level 7 of the Dungeon.
You worshipped Cheibriados.
Cheibriados was pleased with you.
You were not hungry.

You visited 2 branches of the dungeon, and saw 8 of its levels.
You also visited: Ossuary.

You collected 492 gold pieces.

Inventory:

Hand Weapons
 a - a +0 long sword (weapon)
Missiles
 n - 5 poisoned javelins (quivered)
Armour
 c - a +0 shield (worn)
 j - the +0 leather armour of Instinct {-Tele rC+ Dex+4, unknown}
   (You found it on level 6 of the Dungeon)

   It affects your dexterity (+4).
   It protects you from cold.
   It prevents most forms of teleportation.
 p - a +0 chain mail (worn)
 y - a +1 cloak (worn)
Jewellery
 i - an amulet of rage (around neck)
 s - a ring of protection from cold (right hand)
Wands
 B - a wand of clouds (5)
Scrolls
 e - 4 scrolls of remove curse
 h - a scroll of fear {unknown}
 k - 3 scrolls of immolation {unknown}
 l - a scroll of summoning {unknown}
 m - 2 scrolls of blinking {unknown}
 r - a scroll of amnesia {unknown}
 u - a scroll of fog
 v - 4 scrolls of enchant weapon
 w - a scroll of noise
Potions
 d - 3 potions of curing
 o - 3 potions of agility
 t - a potion of cancellation
 x - 2 potions of flight
 z - a potion of resistance
 A - a potion of brilliance
Comestibles
 b - 9 chunks of flesh
 f - 12 rations


   Skills:
 + Level 6.4(6.3) Fighting
 - Level 10.3(10.1) Long Blades
 + Level 6.4(6.3) Armour
 + Level 4.3(4.2) Dodging
 + Level 6.4(6.2) Shields


You had 8 spell levels left.
You didn't know any spells.
Your spell library was empty.

Dungeon Overview and Level Annotations

Branches:
Dungeon (7/15)             Temple (1/1) D:5

Altars:
Ashenzari
Cheibriados
Dithmenos
Elyvilon
Fedhas
Gozag
Hepliaklqana
Kikubaaqudgha
Makhleb
Nemelex Xobeh
Okawaru
Qazlal
Sif Muna
Trog
Uskayaw
Vehumet
Wu Jian
Yredelemnul
The Shining One


Innate Abilities, Weirdness & Mutations

You reflexively headbutt those who attack you in melee.
You have a pair of horns on your head.


Message History

You block the orc warrior's attack.
The orc warrior hits you from afar with a glaive!!
The orc warrior hits you from afar with a glaive!
The orc warrior hits you with a glaive.
You closely miss the orc warrior. You headbutt the orc warrior.
The orc warrior is lightly wounded.
The orc warrior hits you with a glaive!!
You hit the orc warrior but do no damage.
The orc warrior is lightly wounded.
The orc warrior hits you with a glaive!
* * * LOW HITPOINT WARNING * * *
You closely miss the orc warrior.
You headbutt the orc warrior, but do no damage.
The orc warrior is lightly wounded.
The orc warrior barely misses you.
The orc priest mumbles some strange prayers to Beogh against you.
Beogh smites you!
* * * LOW HITPOINT WARNING * * *
The orc warrior hits you from afar with a glaive!
You die...

.........###
#####.###
....... #.#
... #.# ...
##.# ....
#..# .....
#.## ...#.#
#.# ......#
##.#
......o###@.#
......ooo..##
......######
..... ....
#.. ##


You could see an orc warrior, an orc priest and an orc.

Vanquished Creatures
  An ice beast (D:5)
  A black bear (D:6)
  2 ogres
  A phantom (D:6)
  2 centaurs
  2 elf zombies (Ossuary)
  3 bullfrogs (D:6)
  3 scorpions
  An electric eel (D:6)
  A wight (D:6)
  A howler monkey (D:6)
  2 centaur zombies (Ossuary)
  4 crimson imps
  5 orc priests
  2 hounds
  Crazy Yiuf (D:6)
  A centaur skeleton (D:5)
  An orc wizard (D:7)
  3 worker ants
  Natasha (twice) (D:4)
  A big kobold zombie (Ossuary)
  A hound skeleton (D:6)
  3 mummies (Ossuary)
  7 gnolls
  11 adders
  A shadow imp (D:6)
  3 adder zombies (Ossuary)
  An adder skeleton (D:4)
  2 worms (D:2)
  6 leopard geckos
  23 orcs
  6 giant cockroaches
  9 goblins
  10 hobgoblins
  11 jackals
  15 kobolds
  4 quokkas
  5 bats
  3 frilled lizards
  4 goblin zombies (Ossuary)
  6 hobgoblin zombies (Ossuary)
  2 jackal zombies (Ossuary)
  3 kobold zombies (Ossuary)
  A leopard gecko skeleton (D:4)
  2 orc zombies (Ossuary)
  6 quokka zombies (Ossuary)
  6 rats
  2 rat zombies (Ossuary)
  4 plants
197 creatures vanquished.

Notes
Turn   | Place    | Note
-------+----------+-------------------------------------------
     0 | D:1      | empire the Minotaur Fighter began the quest for the Orb.
     0 | D:1      | Reached XP level 1. HP: 19/19 MP: 0/0
    47 | D:1      | Reached skill level 3 in Long Blades
    84 | D:1      | Reached XP level 2. HP: 19/26 MP: 1/1
   381 | D:1      | Reached skill level 4 in Long Blades
   484 | D:2      | Found a deep blue altar of Sif Muna.
   508 | D:2      | Reached XP level 3. HP: 31/31 MP: 2/2
   628 | D:2      | Found a sparkling altar of Nemelex Xobeh.
   645 | D:2      | Reached skill level 5 in Long Blades
   710 | D:2      | Found a hazy altar of Hepliaklqana.
   741 | D:2      | Reached XP level 4. HP: 39/39 MP: 3/3
  1087 | D:3      | Found a faded altar of an unknown god.
  1096 | D:3      | Reached XP level 5. HP: 44/46 MP: 4/4
  1224 | D:3      | Reached skill level 6 in Long Blades
  1313 | D:3      | Found an iron altar of Okawaru.
  1366 | D:3      | Found a glowing golden altar of the Shining One.
  1641 | D:4      | Found a burning altar of Makhleb.
  1722 | D:4      | Noticed an ogre
  1730 | D:4      | Killed an ogre
  1730 | D:4      | Reached skill level 7 in Long Blades
  1730 | D:4      | Reached XP level 6. HP: 10/52 MP: 5/5
  2160 | D:4      | Noticed Natasha
  2168 | D:4      | Killed Natasha
  2170 | D:4      | Reached skill level 8 in Long Blades
  2318 | D:5      | Entered Level 5 of the Dungeon
  2318 | D:5      | Found a sand-covered staircase.
  2337 | Ossuary  | Entered an ossuary
  2761 | Ossuary  | Reached skill level 9 in Long Blades
  2761 | Ossuary  | Reached XP level 7. HP: 49/59 MP: 6/6
  3661 | D:5      | Reached skill level 10 in Long Blades
  3712 | D:5      | Reached skill level 1 in Dodging
  3782 | D:4      | Found a bloodstained altar of Trog.
  3796 | D:4      | Reached XP level 8. HP: 56/67 MP: 7/7
  3856 | D:4      | Noticed Natasha
  3866 | D:4      | Killed Natasha
  4096 | D:5      | Found a staircase to the Ecumenical Temple.
  4102 | Temple   | Entered the Ecumenical Temple
  4157 | Temple   | Became a worshipper of Cheibriados the Contemplative
  4620 | D:5      | Got a dazzling buckler
  4642 | D:5      | Identified the +1 buckler "Casiewnuvus" {rElec Regen+ Str-4
                  | SInv} (You found it on level 5 of the Dungeon)
  4879 | D:6      | Reached skill level 5 in Fighting
  4889 | D:6      | Reached skill level 5 in Armour
  4922 | D:6      | Reached skill level 5 in Shields
  4953 | D:6      | Got a transparent leather armour
  5092 | D:6      | Found a runed door.
  5198 | D:6      | Reached * piety under Cheibriados
  5315 | D:6      | Reached XP level 9. HP: 50/75 MP: 8/8
  5943 | D:6      | Noticed Crazy Yiuf
  5949 | D:6      | Killed Crazy Yiuf
  6018 | D:7      | Reached ** piety under Cheibriados
  6294 | D:7      | Slain by an orc warrior

Skill      XL: |  1  2  3  4  5  6  7  8  9 |
---------------+----------------------------+-----
Long Blades    | 3 4 5 7 9 10 | 10.3
Fighting       | 4 6 |  6.4
Armour         | 4 6 |  6.4
Shields        | 4 6 |  6.4
Dodging        | 1 3 4 |  4.3

Action                   |  1- 3 |  4- 6 |  7- 9 || total
-------------------------+-------+-------+-------++-------
Melee: Long sword        |    88 |   254 |   314 ||   656
       Headbutt          |    11 |    55 |    74 ||   140
  Use: Potion            |       |     1 |     1 ||     2
       Scroll            |       |       |    16 ||    16
 Stab: Invisible         |       |       |     1 ||     1
  Eat: Chunk             |       |     6 |     8 ||    14
       Ration            |       |       |     1 ||     1
Armor: Scale mail        |    49 |    59 |    52 ||   160
       Chain mail        |       |       |    38 ||    38
Dodge: Dodged            |    36 |    36 |    76 ||   148
Block: Shield            |    56 |    80 |   110 ||   246
       Rpst.: Long sword |     6 |    10 |    23 ||    39
